 Dungeon Crawl Stone Soup version 0.30-a0-924-g0ad0bf95bc (webtiles) character file.

Game seed: 2281491850973605705

110 qeuew the Shield-Bearer (level 5, -14/42 HPs)
             Began as a Formicid Fighter on Mar 22, 2023.
             Killed from afar by Natasha (20 damage)
             ... with a bolt of light
             ... on level 2 of the Dungeon.
             The game lasted 00:01:34 (1643 turns).

qeuew the Shield-Bearer (Formicid Fighter)          Turns: 1643, Time: 00:01:35

Health: -14/42     AC:  8    Str: 22    XL:     5   Next: 14%
Magic:  5/5        EV: 10    Int:  8    God:
Gold:   67         SH:  5    Dex: 13    Spells: 4/4 levels left

rFire   . . .      SeeInvis +    a - +0 flail
rCold   . . .      Faith    .    c - +0 buckler
rNeg    . . .      Spirit   .    b - +1 scale mail
rPois   .          Reflect  .    (helmet unavailable)
rElec   .          Rampage  .    (no cloak)
rCorr   +                        (no gloves)
Will    .....                    (no boots) Stlth
                                 (no amulet)
HPRegen 0.27/turn                g - ring of resist corrosion
MPRegen 0.09/turn                (no ring)

@: lethally poisoned (-14 -> -24)
A: permanent stasis, dig shafts and tunnels, antennae 3, four strong arms
a: Dig, Shaft Self


You were on level 2 of the Dungeon.
You visited 1 branch of the dungeon, and saw 2 of its levels.

You collected 67 gold pieces.

Inventory:

Hand Weapons
 a - a +0 flail (weapon)
Armour
 b - a +1 scale mail (worn)
 c - a +0 buckler (worn)
Jewellery
 g - a ring of resist corrosion (left hand)
Scrolls
 f - a scroll of identify
 h - 4 scrolls of immolation {unknown}
 i - a scroll of teleportation {unknown}
Potions
 d - a potion of might
 e - a potion of magic {unknown}
 j - a potion of heal wounds
 k - a potion of curing {unknown}


   Skills:
 + Level 3.8 Fighting
 * Level 3.0 Maces & Flails
 * Level 4.2 Armour
 + Level 1.2 Dodging
 + Level 4.5 Shields


You had 4 spell levels left.
You didn't know any spells.
Your spell library contained the following spells:

 Spells                   Type           Power      Damage    Failure   Level
 Kiss of Death            Conj/Necr      0%         2d5       80%         1
 Confusing Touch          Hex            0%         N/A       99%         3
 Tukima's Dance           Hex            0%         N/A       99%         3
 Dispel Undead            Necr           0%         3d6       100%        4
 Passage of Golubria      Tloc           0%         N/A       100%        4
 Yara's Violent Unravell  Hex/Tmut       0%         3d3       100%        5


Dungeon Overview and Level Annotations

Branches:
Dungeon (2/15)

Altars:

Annotations:
D:2 Natasha


Innate Abilities, Weirdness & Mutations

You cannot be hasted, slowed, berserked, paralysed or teleported.
You can dig through walls and to a lower floor.
You have a pair of large antennae on your head. (SInv)
Your four strong arms can wield two-handed weapons with a shield.


Message History

The jackal closely misses you. x2
The jackal bites you but does no damage.
The endoplasm freezes you.
You are frozen.
Natasha claws you but does no damage. The jackal completely misses you.
You closely miss Natasha.
Natasha is lightly wounded.
The jackal bites you but does no damage.
The endoplasm closely misses you. You block the jackal's attack.
You block the goblin's attack. Natasha misses you.
The jackal bites you but does no damage.
The goblin hits you but does no damage.
You are poisoned.
The jackal closely misses you.
The endoplasm hits you but does no damage.
You closely miss Natasha.
Natasha is lightly wounded.
You feel very sick. You block the jackal's attack.
Natasha mumbles some strange words.
The jackal completely misses you. The jackal barely misses you.
The goblin hits you with a +2 dagger of venom.
You are more poisoned.
The endoplasm closely misses you. Natasha claws you!
* * * LOW HITPOINT WARNING * * *
Unknown command.
The jackal attacks as you move away! You block the jackal's attack.
* * * LOW HITPOINT WARNING * * *
You feel very sick. You block the jackal's attack.
Natasha casts a spell.
The endoplasm attacks as you move away! The endoplasm barely misses you.
The jackal attacks as you move away! The jackal closely misses you.
* * * LOW HITPOINT WARNING * * *
You feel very sick.
The jackal bites you but does no damage.
Natasha zaps a wand.
The bolt of light hits the endoplasm!
The endoplasm dies!
The bolt of light hits you!!
You die...

.... ####.##.#############
..... #.##.............#
.....####'#########.......
....$......# #####.......
#.........# #...#.......
#....h....# #...#.......
#..55.)...# #...#.......
#.......hg####...#.......
#......h@.'..'...'.......
#.........####...#.......
#........†# #...#.......
#.........# #...#.......
#.........# #...#.......
#.........# #...########
#.........# #...#
.........# ##### #########


You could see Natasha, 2 crimson imps, 2 jackals and a goblin.

Vanquished Creatures
  Natasha (D:2)
  An adder (D:2)
  3 gnolls (D:2)
  A worm (D:2)
  A dart slug (D:2)
  A bat (D:1)
  4 endoplasms
  A giant cockroach (D:2)
  4 goblins (D:1)
  5 hobgoblins (D:2)
  3 jackals
  3 quokkas
  4 ball pythons
  4 frilled lizards (D:2)
  3 kobolds
  3 rats (D:1)
42 creatures vanquished.

Vanquished Creatures (others)
  An endoplasm (D:2)
1 creature vanquished.

Grand Total: 43 creatures vanquished

Notes
Turn   | Place    | Note
-------+----------+-------------------------------------------
     0 | D:1      | qeuew the Formicid Fighter began the quest for the Orb.
     0 | D:1      | Reached XP level 1. HP: 18/18 MP: 1/1
    89 | D:1      | Found a faded altar of an unknown god.
   166 | D:1      | Reached XP level 2. HP: 22/24 MP: 2/2
   576 | D:1      | Reached XP level 3. HP: 29/29 MP: 3/3
  1216 | D:2      | Noticed Natasha
  1223 | D:2      | Killed Natasha
  1224 | D:2      | Reached XP level 4. HP: 16/37 MP: 4/4
  1354 | D:2      | Reached skill level 1 in Dodging
  1523 | D:2      | Reached XP level 5. HP: 29/42 MP: 5/5
  1632 | D:2      | Noticed Natasha
  1643 | D:2      | Killed from afar by Natasha

Illustrated notes

Levels and vault maps discovered:
D:1:      dpeg_arrival_solitude, layout_loops_ring,
          hellmonk_ecumenical_altar_leap_of_faith,
          chequers_serial_rivers_small_3, patterned_corridor
D:2:      layout_basic, uniq_natasha

Skill      XL: |  1  2  3  4  5 |
---------------+----------------+-----
Armour         | 4 |  4.2
Dodging        | 1 |  1.2
Maces & Flails | 3 |  3.0
Fighting       | |  3.8
Shields        | |  4.5

Action                     |  1- 3 |  4- 6 || total
---------------------------+-------+-------++-------
  Melee: Flail             |    79 |    50 ||   129
    Use: Scroll            |     5 |       ||     5
 Armour: Scale mail        |    46 |    28 ||    74
  Dodge: Dodged            |    34 |    51 ||    85
  Block: Buckler           |    20 |    17 ||    37

Table legend: (Time is in decaauts)
 A = Elapsed time spent in this place.
 B = Non-inter-level travel time spent in this place.
 C = Inter-level travel time spent in this place.
 D = Time resting spent in this place.
 E = Time spent auto-exploring this place.
 F = Levels seen in this place.
 G = Mean time per level.
                   A        B        C        D        E       F      G
               +--------+--------+--------+--------+--------+-----+--------+
         Total |   1684 |   1622 |     62 |      0 |   1315 |   2 |  842.0 |
       Dungeon |   1684 |   1622 |     62 |      0 |   1315 |   2 |  842.0 |
               +--------+--------+--------+--------+--------+-----+--------+

Top non-repeatable levels by time:
     D:1: 996 daAuts
     D:2: 688 daAuts
